 Dungeon Sprint DCSS version 0.15-a0-1485-g692b94f (webtiles) character file.

1582 PolkaDot the Brawler (level 8, 0/93 HPs)
             Began as a Troll Monk on June 14, 2014.
             Was the Champion of Jiyva.
             Slain by a yellow wasp (9 damage)
             ... while paralysed by a yellow wasp
             ... in the Dungeon (Sprint I: "Red Sonja").
             The game lasted 00:02:33 (173 turns).

PolkaDot the Brawler (Troll Monk)                    Turns: 173, Time: 00:02:34

HP   0/93        AC  5     Str 19      XL: 8   Next: 60%
MP   3/3         EV  1     Int  8      God: Jiyva [******]
Gold 194         SH  0     Dex 15      Spells:  0 memorised,  7 levels left

rFire  . . .     SeeInvis .       - Unarmed
rCold  . . .     Clarity  .     a - +0 robe
rNeg   . . .     rCorr    +     (shield restricted)
rPois  .         rRot     .     (helmet restricted)
rElec  .         Spirit   .     (no cloak)
SustAb .         Warding  .     (gloves unavailable)
rMut   .         NoTele   +     (boots unavailable)
Gourm  +                        (no amulet)
MR     .....                    (no ring)
                                (no ring)

@: paralysed, lethally poisoned, slowed, not resistant to hostile enchantments,
unstealthy
A: unfitting armour, claws 3, clever 1, fast metabolism 3, gourmand,
regeneration 2, saprovore 2, shaggy fur 1, tough skin 2, eyeballs 2, translucent
skin 1
a: Request Jelly, Jelly Paralyse, Slimify, Cure Bad Mutation, Renounce Religion


You were in the Dungeon.
You worshipped Jiyva.
Jiyva was exalted by your worship.
You were completely stuffed.

You visited 1 branch You collected 194 gold pieces.

Inventory:

Armour
 a - a +0 robe (worn)
Comestibles
 b - 2 meat rations
 i - a chunk of ogre flesh {@w1}
Scrolls
 g - a scroll of enchant weapon I {unknown}
 h - a scroll of blinking
Potions
 c - 2 potions of curing
 d - a potion of heal wounds
 e - a potion of haste
 f - 2 potions of magic


   Skills:
 + Level 9.8 Fighting
 - Level 2.4 Dodging
 - Level 1.1 Stealth
 * Level 15.4 Unarmed Combat


You had 7 spell levels left.
You didn't know any spells.

Dungeon Overview and Level Annotations

Branches:
Dungeon (1/1)

Altars:
Cheibriados
Dithmenos
Elyvilon
Fedhas
Gozag
Kikubaaqudgha
Makhleb
Nemelex Xobeh
Okawaru
Qazlal
Sif Muna
Trog
Vehumet
Xom
Yredelemnul
Zin
The Shining One
Jiyva

Shops:
D ?

Annotations:
D Sonja


Innate Abilities, Weirdness & Mutations

You are too large for most types of armour.
You have claws for hands.
Your metabolism is lightning-fast.
You like to eat raw meat.
You heal very quickly.
You can eat rotten meat.
You are covered in fur (AC +1).
You have very tough skin (AC +2).
Your mind is acute. (Int +2)
Your body is mostly covered in golden eyeballs (Acc +5).
Your skin is partially translucent.


Message History

You feel as though you will be slow longer.
Sonja gestures wildly while chanting.
Sonja blinks!
The yellow wasp completely misses you.
You closely miss the yellow wasp.
The yellow wasp is moderately wounded.
Sonja says, "Someone hired me to kill you, but I'm not supposed to say who."
Sonja mumbles some strange words.
Sonja blinks!
The yellow wasp stings you.
You are poisoned.
You suddenly lose the ability to move!
Sonja hits you with a short sword of distortion.
Space warps horribly around you!
* * * LOW HITPOINT WARNING * * *
Sonja hits you but does no damage. Space bends around you.
* * * LOW HITPOINT WARNING * * *
Sonja hits you with a short sword of distortion.
* * * LOW HITPOINT WARNING * * *
You feel a strange sense of stasis.
You feel sick. The yellow wasp stings you!
You die...

###################
#<.#.)').#.)'..#__#
#..'..#..'..#..'..+
#..#####'#####'#__####
#..####..#...#.####§§#
#..#_§####..##.#≈§§§§#
#..#_..._##'#...≈§§§§+
#⌠⌠#_.∩....K.._#§§≈§§#
####_..._##@y#.##.####
#_____###.#.#(...#
####### .####+### ..
..# .## +#


You could see Sonja and a yellow wasp.

Vanquished Creatures
  2 centaur warriors (D)
  A slime creature (D)
  A yak (D)
  An ogre (D)
  Sigmund (D)
  Ijyb (D)
7 creatures vanquished.

Vanquished Creatures (others)
  4 jellies (D)
4 creatures vanquished.

Grand Total: 11 creatures vanquished

Notes
Turn   | Place    | Note
--------------------------------------------------------------
     0 | D        | PolkaDot, the Troll Monk, began the quest for the Orb.
     0 | D        | Reached XP level 1. HP: 22/22 MP: 1/1
     2 | D        | Noticed Ijyb
    12 | D        | Killed Ijyb
    12 | D        | Reached skill level 5 in Unarmed Combat
    12 | D        | Reached XP level 2. HP: 26/31 MP: 1/1
    25 | D        | Noticed an ogre
    31 | D        | Killed an ogre
    31 | D        | Reached skill level 8 in Unarmed Combat
    31 | D        | Reached XP level 3. HP: 26/41 MP: 2/2
    31 | D        | Reached XP level 4. HP: 31/49 MP: 2/2
    52 | D        | Noticed Sigmund
    59 | D        | Killed Sigmund
    59 | D        | Reached skill level 5 in Fighting
    59 | D        | Reached skill level 9 in Unarmed Combat
    59 | D        | Reached XP level 5. HP: 40/59 MP: 2/2
    84 | D        | Found a deep blue altar of Sif Muna.
    88 | D        | Found a snail-covered altar of Cheibriados.
    88 | D        | Found a shadowy altar of Dithmenos.
    88 | D        | Noticed a slime creature
    89 | D        | Found a viscous altar of Jiyva.
    89 | D        | Found a blossoming altar of Fedhas.
    96 | D        | Killed a slime creature
    96 | D        | Reached skill level 11 in Unarmed Combat
    96 | D        | Reached XP level 6. HP: 36/71 MP: 3/3
    98 | D        | Became a worshipper of Jiyva Jarif the Shapeless
    98 | D        | Acquired Jiyva's first power
    98 | D        | Acquired Jiyva's second power
   100 | D        | Noticed a jelly
   102 | D        | Found a radiant altar of Vehumet.
   104 | D        | Noticed a centaur warrior
   109 | D        | Noticed a centaur warrior
   112 | D        | Gained mutation: Your body is partially covered in golden eyeballs (Acc +3). [Jiyva's grace]
   114 | D        | Acquired Jiyva's third power
   114 | D        | Gained mutation: Your body is mostly covered in golden eyeballs (Acc +5). [Jiyva's grace]
   116 | D        | Killed a centaur warrior
   116 | D        | Reached skill level 14 in Unarmed Combat
   116 | D        | Reached XP level 7. HP: 17/81 MP: 3/3
   117 | D        | Acquired Jiyva's fourth power
   117 | D        | Gained mutation: You can spit poison. [Jiyva's grace]
   118 | D        | Killed a centaur warrior
   118 | D        | Reached skill level 15 in Unarmed Combat
   118 | D        | Reached XP level 8. HP: 11/93 MP: 3/3
   121 | D        | Gained mutation: Your skin is partially translucent. [Jiyva's grace]
   124 | D        | Gained mutation: You possess an exceptional clarity of mind. [Jiyva's grace]
   130 | D        | Lost mutation: You possess an exceptional clarity of mind. [Jiyva's grace]
   136 | D        | Killed a jelly
   136 | D        | Lost mutation: You can spit poison. [Jiyva's grace]
   139 | D        | Killed a jelly
   142 | D        | Killed a jelly
   145 | D        | Killed a jelly
   148 | D        | Found Kuemism's Magic Scroll Emporium.
   148 | D        | Found a white marble altar of Elyvilon.
   148 | D        | Found a stormy altar of Qazlal.
   148 | D        | Found a basalt altar of Yredelemnul.
   148 | D        | Found an iron altar of Okawaru.
   148 | D        | Found a sparkling altar of Nemelex Xobeh.
   148 | D        | Found a shimmering altar of Xom.
   148 | D        | Found an ancient bone altar of Kikubaaqudgha.
   148 | D        | Noticed a yak
   149 | D        | Found a burning altar of Makhleb.
   149 | D        | Found a glowing golden altar of the Shining One.
   149 | D        | Found an opulent altar of Gozag.
   149 | D        | Found a glowing silver altar of Zin.
   153 | D        | Killed a yak
   155 | D        | Found a bloodstained altar of Trog.
   156 | D        | Gained mutation: Your muscles are strong. (Str +2) [Jiyva's grace]
   160 | D        | Lost mutation: Your muscles are strong. (Str +2) [Jiyva's grace]
   163 | D        | Noticed Sonja
   165 | D        | Noticed a yellow wasp
   169 | D        | Gained mutation: Your mind is acute. (Int +2) [Jiyva's grace]
   172 | D        | Paralysed by a yellow wasp for 2 turns
   173 | D        | Slain by a yellow wasp

Action                   |  1- 3 |  4- 6 |  7- 9 || total
-------------------------+-------+-------+-------++-------
Melee: Unarmed           |    14 |    17 |    15 ||    46
  Use: Potion            |       |     1 |       ||     1
